 Dungeon Crawl Stone Soup version 0.13-a0-2318-gf5ad1f9 (webtiles) character file.

154 Lekart the Ducker (level 3, -2/30 HPs)
             Began as a Draconian Chaos Knight on July 10, 2013.
             Was a Plaything of Xom.
             Killed from afar by an orc wizard (4 damage)
             ... with a puff of flame
             ... on Level 3 of the Dungeon.
             The game lasted 00:05:40 (1167 turns).

Lekart the Ducker (Draconian Chaos Knight)          Turns: 1167, Time: 00:05:45

HP  -2/30        AC  5     Str 14      XL: 3   Next: 76%
MP   3/3         EV 13     Int 12      God: Xom
Gold 96          SH  0     Dex 11      Spells:  0 memorised,  2 levels left

Res.Fire  : + . .   See Invis. : .   a - +0 mace (chaos)
Res.Cold  : + . .   Warding    : .   (armour unavailable)
Life Prot.: . . .   Conserve   : .   (no shield)
Res.Poison: +       Res.Corr.  : .   (helmet restricted)
Res.Elec. : +       Clarity    : .   (no cloak)
Sust.Abil.: . .     Spirit.Shd : .   (no gloves)
Res.Mut.  : .       Stasis     : .   (no boots)
Res.Rott. : .       Flight     : .   (no amulet)
Saprovore : . . .                    (no ring)
                                     (no ring)

@: not resistant to hostile enchantments, unstealthy
A: unfitting armour, AC +5
a: Renounce Religion


You were on level 3 of the Dungeon.
You worshipped Xom.
You were a plaything of Xom.
You were hungry.

You visited 1 branch of the dungeon, and saw 3 of its levels.

You collected 76 gold pieces.

Inventory:

Hand weapons
 a - a +0,+0 mace of chaos (weapon)
Comestibles
 c - 2 bread rations
 f - an apple
 l - a meat ration
Scrolls
 b - a scroll of identify {unknown}
 d - a scroll of curse jewellery {unknown}
 g - a scroll of remove curse {unknown}
 h - a scroll of enchant weapon II {unknown}
 k - a scroll of curse weapon {unknown}
Jewellery
 e - an uncursed amulet of conservation {unknown}
Potions
 i - a potion of resistance
 j - a potion of poison {unknown}
 m - a potion of cure mutation {unknown}


   Skills:
 - Level 3.2 Fighting
 - Level 3.0 Maces & Flails
 + Level 3.9 Dodging


You had 2 spell levels left.
You didn't know any spells.

Dungeon Overview and Level Annotations

Branches:
Dungeon (3/27)

Altars:
the Shining One


Message History

The orc wizard gestures at you while chanting.
The puff of flame hits you!
The orc wizard points at you and mumbles some strange words.
The puff of flame hits you!
One of your 2 scrolls labeled HIANO FIYCIZI catches fire!
The orc wizard casts a spell at you. The puff of frost hits you!
* * * LOW HITPOINT WARNING * * *
You closely miss the orc wizard. The orc wizard closely misses you.
The orc wizard gestures at you while chanting.
The magic dart hits you!
* * * LOW HITPOINT WARNING * * *
Drink which item? (? for menu, Esc to quit)
You feel protected.
It was a potion of resistance.
Xom thinks this is hilarious!
The orc wizard casts a spell at you. The puff of flame hits you! You resist.
You die...
Xom chortles!

### ..# #.# #.# .#######
#.# .......# #.# o
o....# #.# ...
#..#####@####### ....
#...Kooo.......# .....
##.#####^#####.#
.....?.##.#####.# #.#
.K..(...o.......## #.#
.................# #.#
......##.#####.#####.###
...... #.# #.# #.....#
.###. #.# #.# #.....#


You could see an orc wizard, 2 orcs and a kobold.

Vanquished Creatures
  A giant mite (D:1)
  4 worms
  3 giant cockroaches (D:2)
  6 hobgoblins
  5 kobolds
  5 bats
  2 giant newts
  5 goblins
  A quokka (D:2)
  2 rats
34 creatures vanquished.

Vanquished Creatures (others)
  An ufetubus (D:2)
  A quokka (D:2)
  A kobold (D:1)
3 creatures vanquished.

Grand Total: 37 creatures vanquished

Notes
Turn   | Place    | Note
--------------------------------------------------------------
     0 | D:1      | Lekart, the Draconian Chaos Knight, began the quest for the Orb.
     0 | D:1      | Reached XP level 1. HP: 17/17 MP: 1/1
   111 | D:1      | Reached XP level 2. HP: 16/24 MP: 2/2
   165 | D:1      | XOM: silly message
   520 | D:1      | XOM: silly message
   576 | D:2      | XOM: confuse monster(s)
   601 | D:2      | XOM: summons friendly ufetubus
   613 | D:2      | XOM: noise
   615 | D:2      | XOM: swap monsters
   721 | D:2      | Reached XP level 3. HP: 18/30 MP: 3/3
   909 | D:2      | Found a glowing golden altar of the Shining One.
   916 | D:2      | XOM: noise
   928 | D:2      | XOM: 6-stop teleportation journey
  1126 | D:3      | XOM: noise
  1167 | D:3      | Killed from afar by an orc wizard

Action                   || total
-------------------------++-------
Melee: Mace              ||   109
  Use: Potion            ||     1
 Stab: Paralysed         ||     1
